 Dungeon Crawl Stone Soup version 0.26-a0-649-gf8c6c3aab7 (webtiles) character file.

Game seed: 9355423470117303848

8771 Mitsuki the Geomancer (level 11, 0/64 HPs)
             Began as a Gargoyle Earth Elementalist on Sept 14, 2020.
             Was a Believer of Vehumet.
             Slain by an unseen horror (7 damage)
             ... on level 12 of the Dungeon on Sept 25, 2020.
             The game lasted 00:59:25 (14933 turns).

Mitsuki the Geomancer (GrEE)                       Turns: 14933, Time: 00:59:25

Health: 0/64       AC: 16    Str: 19    XL:     11   Next: 36%
Magic:  14/20      EV: 14    Int: 18    God:    Vehumet [**....]
Gold:   523        SH:  0    Dex: 10    Spells: 12/22 levels left

rFire    + . .     SeeInvis .   C - +2 morningstar (freeze)
rCold    + + .     Faith    .   (no shield)
rNeg     + . .     Spirit   .   L - +2 robe {rC+ rF+}
rPois    ∞         Reflect  .   (no helmet)
rElec    +         Harm     .   u - +0 cloak
rCorr    .         Rampage  .   w - +0 pair of gloves
MR       .....                  o - +0 pair of boots
Stlth    ++........             (no amulet)
HPRegen  0.20/turn              k - ring of protection from cold
MPRegen  0.17/turn              t - +6 ring of strength

@: no status effects
A: negative energy resistance 1, electricity resistance, unbreathing,
petrification resistance, rot immunity, AC +8
a: Renounce Religion


You were on level 12 of the Dungeon.
You worshipped Vehumet.
Vehumet was pleased with you.
You visited 2 branches of the dungeon, and saw 13 of its levels.

You collected 523 gold pieces.

Inventory:

Hand Weapons
 C - a +2 morningstar of freezing (weapon)
 K - a +3 scimitar of flaming
Missiles
 b - 110 stones (quivered)
Armour
 i - a +1 robe of positive energy
 o - a +0 pair of boots (worn)
 u - a +0 cloak (worn)
 w - a +0 pair of gloves (worn)
 A - a +0 kite shield
 L - a +2 robe of resistance (worn)
Magical Staves
 l - an uncursed staff of death
 E - an uncursed staff of cold
Jewellery
 g - an uncursed ring of positive energy
 k - a ring of protection from cold (left hand)
 r - an uncursed ring of fire
 t - a +6 ring of strength (right hand)
Wands
 p - a wand of polymorph (11)
Scrolls
 d - 4 scrolls of identify
 f - 4 scrolls of fog
 h - a scroll of immolation
 q - a scroll of fear {unknown}
 s - 2 scrolls of magic mapping
 v - 3 scrolls of enchant weapon
 x - a scroll of holy word {unknown}
 y - 3 scrolls of enchant armour {unknown}
 B - a scroll of blinking {unknown}
 F - a scroll of vulnerability {unknown}
 M - 2 scrolls of teleportation {unknown}
 N - a scroll of remove curse
Potions
 a - 2 potions of ambrosia {unknown}
 c - a potion of might {unknown}
 e - 2 potions of heal wounds {unknown}
 j - 5 potions of curing
 m - a potion of cancellation {unknown}
 n - 2 potions of stabbing {unknown}
 z - a potion of flight {unknown}
 D - 3 potions of lignification {unknown}
 H - 2 potions of brilliance {unknown}
 I - a potion of degeneration {unknown}
 J - 3 potions of invisibility {unknown}
Miscellaneous
 G - a lightning rod (4/4)


   Skills:
 + Level 5.9 Fighting
 + Level 5.4 Maces & Flails
 + Level 5.9 Armour
 + Level 4.9 Dodging
 - Level 2.1 Stealth
 - Level 2.4 Shields
 + Level 6.0 Spellcasting
 + Level 7.4 Conjurations
   Level 0.7 Transmutations
 + Level 3.1 Fire Magic
 + Level 9.5 Earth Magic
 + Level 3.7 Evocations


You had 12 spell levels left.
You knew the following spells:

 Your Spells              Type           Power        Failure   Level
a - Sandblast             Erth           #####.       1%          1
b - Stone Arrow           Conj/Erth      #####.       1%          3
c - Lee's Rapid Deconstr  Erth           #####.....   6%          5
d - Foxfire               Conj/Fire      ###.         1%          1

Your spell library contained the following spells:

 Spells                   Type           Power        Failure   Level
 Static Discharge         Conj/Air       ###.....     8%          3
 Passwall                 Tmut/Erth      ###.....     2%          2
 Animate Skeleton         Necr           #.....       12%         1
 Apportation              Tloc           #.....       12%         1
 Corona                   Hex            #......      12%         1
 Pain                     Necr           #...         12%         1
 Summon Small Mammal      Summ           #...         12%         1
 Petrify                  Tmut/Erth      ###.....     14%         4
 Vampiric Draining        Necr           #.........   34%         3
 Animate Dead             Necr           #.........   75%         4
 Agony                    Necr           #.......     97%         5


Dungeon Overview and Level Annotations

Branches:
Dungeon (12/15)            Temple (1/1) D:6            Lair (0/6) D:11
    Orc (0/2) D:10

Altars:
Ashenzari
Cheibriados
Dithmenos
Elyvilon
Fedhas
Gozag
Hepliaklqana
Kikubaaqudgha
Makhleb
Nemelex Xobeh
Okawaru
Qazlal
Ru
Sif Muna
Trog
Uskayaw
Vehumet
Wu Jian
Xom
Yredelemnul
Zin
The Shining One
Lugonu

Shops:
D:7 (

Annotations:
D:6 1 runed translucent door, LoneWolf's ghost, novice GrEE
D:9 3 runed translucent doors, libidonplus's ghost, journeyman BaFi; triki's ghost, novice SpVM


Innate Abilities, Weirdness & Mutations

You are resistant to torment.
Your stone body is resilient. (AC +8)
You are immune to poison.
You resist negative energy. (rN+)
You are resistant to electric shocks. (rElec)
You can survive without breathing.
You are immune to petrification.
You are immune to rotting.


Message History

* * * LOW HITPOINT WARNING * * *
Something hits you but does no damage.
You take 9 damage, and have 11/64 hp.
Something hits you but does no damage. Something hits you but does no damage.
You hit something but do no damage. Something hits you!
* * * LOW HITPOINT WARNING * * *
Something barely misses you.
You take 8 damage, and have 4/64 hp.
You feel better. Something hits you but does no damage.
You regained 6 hp, and now have 10/64 hp.
Okay, then.
Okay, then.
Something hits you.
* * * LOW HITPOINT WARNING * * *
You take 4 damage, and have 6/64 hp.
Something hits you but does no damage. Something hits you but does no damage.
Something hits you!
You die...

#........#....#........#
#........#....').......#
######'##'##..<#..#.....#
#....#..#).....#........#
#....'..#......#..###)###
##...####..##+#####.....#
#...#.........#......(.#
#...#.........#.....)..#
#...#....@....#........#
#...#.........####.....#
+##########....#..#.....#
..................#.....#
..................#######
...............##+#
+#########...#######
...................#
...................#


There were no monsters in sight!

Vanquished Creatures
  Erica (D:10)
  2 two-headed ogres
  A deep elf mage (D:12)
  Prince Ribbit (D:5)
  A troll (D:11)
  5 hippogriffs
  A wyvern (D:8)
  Sigmund (D:3)
  4 yaks (D:9)
  Edmund (D:5)
  A water moccasin (D:10)
  An orc warrior (D:6)
  A phantom (D:7)
  2 sky beasts
  2 eyes of draining
  An ice beast (D:8)
  A necrophage (D:7)
  5 ogres
  4 centaurs
  4 bullfrogs
  2 scorpions
  A water moccasin skeleton (D:9)
  15 wights
  4 killer bees
  A howler monkey (D:9)
  3 bullfrog zombies
  8 orc priests
  6 hounds
  3 jellies
  8 orc wizards
  2 bullfrog skeletons
  2 iguanas (D:8)
  Natasha (thrice) (D:3)
  3 worker ants
  A hound skeleton (D:9)
  2 worker ant zombies
  A howler monkey skeleton (D:5)
  7 adders
  4 gnolls
  3 shadow imps (D:10)
  2 white imps
  2 ufetubi (D:7)
  3 oozes (D:2)
  An adder zombie (D:7)
  3 adder skeletons
  2 dart slugs (D:1)
  6 leopard geckos
  51 orcs
  16 giant cockroaches
  2 gnoll zombies (D:9)
  2 goblins (D:1)
  7 hobgoblins
  5 jackals
  4 quokkas
  6 bats
  6 frilled lizards
  10 kobolds
  A leopard gecko zombie (D:5)
  A quokka skeleton (D:5)
  9 rats
258 creatures vanquished.

Vanquished Creatures (others)
  3 foxfires (D:9)
  3 plants (D:3)
  5 withered plants
11 creatures vanquished.

Grand Total: 269 creatures vanquished

Notes
Turn   | Place    | Note
-------+----------+-------------------------------------------
     0 | D:1      | Mitsuki the Gargoyle Earth Elementalist began the quest for
                  | the Orb.
     0 | D:1      | Reached XP level 1. HP: 10/10 MP: 3/3
    85 | D:1      | Reached XP level 2. HP: 15/15 MP: 1/5
   174 | D:1      | Reached skill level 4 in Earth Magic
   822 | D:1      | Reached XP level 3. HP: 19/19 MP: 6/6
  1527 | D:1      | Upgraded the game from 0.26-a0-638-gcca6ad1b57 to
                  | 0.26-a0-646-g5d7718319a
  1537 | D:1      | Reached XP level 4. HP: 14/24 MP: 5/8
  1691 | D:2      | Found a glowing golden altar of the Shining One.
  1756 | D:2      | Learned a level 3 spell: Stone Arrow
  1778 | D:2      | Reached skill level 5 in Earth Magic
  2320 | D:2      | Found a hazy altar of Hepliaklqana.
  2588 | D:2      | Found a hide-covered altar of Uskayaw.
  2619 | D:2      | Reached skill level 1 in Conjurations
  2941 | D:2      | Found a faded altar of an unknown god.
  3158 | D:3      | Reached XP level 5. HP: 28/28 MP: 9/9
  3256 | D:3      | Noticed Natasha
  3265 | D:3      | Killed Natasha
  3406 | D:3      | Noticed Natasha
  3449 | D:3      | Killed Natasha
  3543 | D:3      | Noticed Sigmund
  3556 | D:3      | Killed Sigmund
  3556 | D:3      | Reached skill level 6 in Earth Magic
  3556 | D:3      | Reached XP level 6. HP: 29/32 MP: 4/10
  3628 | D:3      | Noticed Natasha
  3629 | D:3      | Killed Natasha
  3897 | D:3      | Learned a level 5 spell: Lee's Rapid Deconstruction
  4344 | D:4      | Found a broken altar of Ashenzari.
  4572 | D:4      | Reached XP level 7. HP: 26/36 MP: 12/12
  4955 | D:4      | Found a bloodstained altar of Trog.
  5351 | D:5      | Entered Level 5 of the Dungeon
  5362 | D:5      | Noticed Edmund
  5383 | D:5      | Killed Edmund
  5383 | D:5      | Reached skill level 7 in Earth Magic
  5877 | D:5      | Reached skill level 1 in Fighting
  5877 | D:5      | Reached skill level 1 in Maces & Flails
  5877 | D:5      | Reached skill level 1 in Armour
  6228 | D:5      | Found a sacrificial altar of Ru.
  6269 | D:5      | Noticed Prince Ribbit
  6281 | D:5      | Killed Prince Ribbit
  6281 | D:5      | Reached XP level 8. HP: 42/44 MP: 9/13
  6531 | D:6      | Reached skill level 5 in Conjurations
  7057 | D:6      | Found a runed translucent door.
  7057 | D:6      | Noticed LoneWolf's ghost (novice GrEE)
  7275 | D:6      | Found a shimmering altar of Xom.
  7312 | D:6      | Found a staircase to the Ecumenical Temple.
  7321 | Temple   | Entered the Ecumenical Temple
  7743 | D:7      | Found a sparkling altar of Nemelex Xobeh.
  7855 | D:6      | Reached skill level 8 in Earth Magic
  7855 | D:6      | Reached XP level 9. HP: 8/51 MP: 10/15
  8897 | D:7      | Found an opulent altar of Gozag.
  9174 | D:7      | Reached skill level 1 in Shields
  9275 | D:7      | Reached skill level 1 in Evocations
  9665 | D:7      | Found Jebira Zism's Antique Weapon Shop.
  9713 | D:7      | Found a radiant altar of Vehumet.
  9720 | D:7      | Became a worshipper of Vehumet
 10200 | D:8      | Reached skill level 5 in Spellcasting
 10767 | D:8      | Upgraded the game from 0.26-a0-646-g5d7718319a to
                  | 0.26-a0-648-g87339cca5e
 10962 | D:9      | Reached XP level 10. HP: 58/58 MP: 17/17
 11128 | D:9      | Reached * piety under Vehumet
 11128 | D:9      | Offered knowledge of Foxfire by Vehumet.
 11131 | D:9      | Learned a level 1 spell: Foxfire
 11271 | D:9      | Found a white marble altar of Elyvilon.
 11368 | D:9      | Found a runed translucent gate.
 11368 | D:9      | Found a runed translucent gate.
 11368 | D:9      | Found a runed translucent gate.
 11408 | D:9      | Reached skill level 1 in Fire Magic
 11524 | D:9      | Upgraded the game from 0.26-a0-648-g87339cca5e to
                  | 0.26-a0-649-gf8c6c3aab7
 11560 | D:9      | Noticed a two-headed ogre
 11568 | D:9      | Killed a two-headed ogre
 11568 | D:9      | Reached skill level 5 in Fighting
 11568 | D:9      | Reached skill level 5 in Armour
 11568 | D:9      | Reached skill level 9 in Earth Magic
 11888 | D:9      | Found a burning altar of Makhleb.
 11974 | D:9      | Found a basalt altar of Yredelemnul.
 12099 | D:9      | Noticed libidonplus's ghost (journeyman BaFi)
 12100 | D:9      | Noticed triki's ghost (novice SpVM)
 12128 | D:10     | Entered Level 10 of the Dungeon
 12859 | D:10     | Noticed Erica
 12888 | D:10     | Killed Erica
 12888 | D:10     | Reached skill level 5 in Maces & Flails
 12888 | D:10     | Reached XP level 11. HP: 40/64 MP: 8/19
 13285 | D:10     | Offered knowledge of Searing Ray by Vehumet.
 13305 | D:10     | Reached ** piety under Vehumet
 13359 | D:10     | Found a staircase to the Orcish Mines.
 14248 | D:11     | Found a staircase to the Lair.
 14554 | D:12     | Offered knowledge of Static Discharge by Vehumet.
 14597 | D:12     | Noticed a deep elf mage
 14618 | D:12     | Killed a deep elf mage
 14701 | D:12     | Noticed a two-headed ogre
 14707 | D:12     | Killed a two-headed ogre
 14933 | D:12     | Slain by an unseen horror

Illustrated notes

Levels and vault maps discovered:
D:1:      dpeg_arrival_rooms_with_view, layout_loops_ring
D:2:      layout_loops_corners, lemuel_coloured_pillars_altar,
          nicolae_overflow_crystal_walls, eat_drink_and_be_merry_uskayaw,
          chequers_ecumenical_altar_simple_redux, kennysheep_generic_room_11
D:3:      minmay_roachtagon, layout_basic, guppyfry_early_lair_pool,
          uniq_sigmund, uniq_natasha
D:4:      layout_basic, ashenzari_altar_1, marbit_many_paths
D:5:      layout_basic, kennysheep_little_box, uniq_prince_ribbit1, uniq_edmund
D:6:      layout_rooms, old_standard_altar, minmay_temple_entry_statues_pillars,
          gammafunk_ghost_grave
D:7:      layout_loops_ring, lemuel_doored_altar, lemuel_crystal_altar,
          nicolae_overflow_hidden_temple, serial_shops, shop_statue
D:8:      layout_basic
D:9:      layout_long_grid, overflow_temple_1_default, kennysheep_mini_moat,
          lemuel_zombie_altar_yredelemnul, gammafunk_ghost_cemetery
D:10:     layout_gridville, hiddenorc2_lemuel, grunt_ministairs_12, uniq_erica
D:11:     layout_cross, lair_entry_dummy
D:12:     layout_grid_maze, uniq_rupert
Temple:   corrupted_temple

Skill      XL: |  1  2  3  4  5  6  7  8  9 10 11 |
---------------+----------------------------------+-----
Earth Magic    | 4 5 6 7 8 9 |  9.5
Spellcasting   | 3 4 5 6 |  6.0
Conjurations   | 1 3 4 5 6 7 |  7.4
Fighting       | 1 3 4 5 |  5.9
Maces & Flails | 1 3 4 5 |  5.4
Armour         | 1 3 4 5 |  5.9
Dodging        | 2 3 4 |  4.9
Shields        | 2 |  2.4
Evocations     | 1 3 |  3.7
Fire Magic     | 2 3 |  3.1
Stealth        | |  2.1
Transmutations | |  0.7

Action                   |  1- 3 |  4- 6 |  7- 9 | 10-12 || total
-------------------------+-------+-------+-------+-------++-------
Melee: Dagger            |    24 |   208 |   185 |       ||   417
       Whip              |       |    33 |       |       ||    33
       Morningstar       |       |       |   114 |   180 ||   294
 Cast: Sandblast         |    30 |    34 |    71 |    70 ||   205
       Stone Arrow       |       |       |    15 |    21 ||    36
       Foxfire           |       |       |       |     2 ||     2
       Lee's Rapid Decon |       |       |       |     6 ||     6
  Use: Scroll            |       |       |     8 |       ||     8
       Potion            |       |       |       |     2 ||     2
 Stab: Sleeping          |     1 |     6 |     3 |       ||    10
Armor: Robe              |     5 |    85 |   119 |   150 ||   359
Dodge: Dodged            |    29 |   146 |   213 |   161 ||   549

Table legend: (Time is in decaauts)
 A = Elapsed time spent in this place.
 B = Non-inter-level travel time spent in this place.
 C = Inter-level travel time spent in this place.
 D = Time resting spent in this place.
 E = Time spent auto-exploring this place.
 F = Levels seen in this place.
 G = Mean time per level.
                   A        B        C        D        E       F      G
               +--------+--------+--------+--------+--------+-----+--------+
         Total |  15038 |  14263 |    775 |   2088 |   9651 |  13 | 1156.8 |
       Dungeon |  14995 |  14232 |    763 |   2088 |   9621 |  12 | 1249.6 |
        Temple |     43 |     31 |     12 |      0 |     29 |   1 |   43.0 |
               +--------+--------+--------+--------+--------+-----+--------+

Top non-repeatable levels by time:
     D:6: 1759 daAuts
     D:1: 1681 daAuts
     D:2: 1590 daAuts
     D:7: 1578 daAuts
    D:10: 1497 daAuts
     D:4: 1279 daAuts
     D:8: 1220 daAuts
     D:5: 1168 daAuts
     D:9: 1165 daAuts
     D:3: 1031 daAuts
    D:11: 598 daAuts
    D:12: 423 daAuts
  Temple: 43 daAuts
